[Event "Saturday 07 April Rapid Engine Tour 12+1 Rounds 9 Starts 1600ST"]
[Site "Infinity Chess"]
[Date "2018.4.7"]
[Round "6"]
[White "MarioDeMonti"]
[Black "xeonrocks"]
[Result "1/2-1/2"]
[ECO "C50"]
[WhiteElo "2511"]
[BlackElo "2553"]
[WhiteEngine "stockfish_x64_bmi2_2018_02_18_CTG"]
[BlackEngine "Stockfish_x64_bmi2_CTG"]
[EventType "Swiss"]
[WhiteTeam ""]
[BlackTeam ""]
[PlyCount "94"]
[TimeControl "720+1"]

1. e4 e5 2. Nf3 Nc6 3. Bc4 Bc5 4. O-O Nf6 5. d3 d6 6. c3 a5 7. Re1 Ba7 
8. Nbd2 O-O 9. h3 Be6 10. Bb5 Ne7 11. d4 Ng6 12. Ba4 Nh5 13. Nf1 Nhf4 
14. Bc2 Qd7 15. Bxf4 Nxf4 16. Ne3 f6 17. Bb3 Rae8 18. h4 Bxb3 19. Qxb3+ Kh8 
20. g3 Qh3 21. Qxb7 Bb6 22. Qa6 d5 23. Qf1 dxe4 24. Nd2 Qxf1+ 25. Nexf1 Nd3 
26. Rxe4 exd4 27. cxd4 Rxe4 28. Nxe4 Nxb2 29. Nc5 Rd8 30. Re1 Kg8 31. Re7 Kf8 
32. Re2 Bxc5 33. dxc5 Nd3 34. Ne3 Nxc5 35. Rc2 Na6 36. Rc4 Rb8 37. Kg2 Rb4 
38. Rc6 Rb6 39. Rc4 Rb4 40. Rc6 Rb6 41. Rc4 Rb5 42. Rc6 Nb4 43. Rxc7 Nxa2 
44. Rc8+ Ke7 45. Rc7+ Kf8 46. Rc8+ Ke7 47. Rc7+ Kf8 1/2-1/2

[Event "Saturday 07 April Rapid Engine Tour 12+1 Rounds 9 Starts 1600ST"]
[Site "Infinity Chess"]
[Date "2018.4.7"]
[Round "6"]
[White "star99"]
[Black "fati64"]
[Result "1/2-1/2"]
[ECO "D30"]
[WhiteElo "2492"]
[BlackElo "2457"]
[WhiteEngine "Cryptic Heroes 9.3B"]
[BlackEngine "BrainFish_180404_x64"]
[EventType "Swiss"]
[WhiteTeam ""]
[BlackTeam ""]
[PlyCount "123"]
[TimeControl "720+1"]

1. d4 d5 2. c4 e6 3. Nf3 Nf6 4. e3 c6 5. Bd3 Nbd7 6. b3 Bd6 7. Bb2 O-O 8. O-O b6 
9. Nbd2 c5 10. Qe2 cxd4 11. Nxd4 Nc5 12. Bc2 Bb7 13. cxd5 Nxd5 14. Nc4 Bc7 
15. Nb5 f5 16. Nxc7 Qxc7 17. Rac1 Nb4 18. Bb1 Rad8 19. Rfd1 Ba6 20. Bd4 Nc6 
21. Qe1 Qe7 22. h3 h6 23. b4 Nd7 24. a3 Nxd4 25. Rxd4 Nf6 26. Ne5 Rxd4 
27. Nc6 Qd6 28. Nxd4 Bb7 29. Ba2 Nd5 30. Bb3 Kh7 31. b5 Rc8 32. Rxc8 Bxc8 
33. a4 Nc7 34. Qe2 Bb7 35. Qa2 Bd5 36. Bxd5 Nxd5 37. Qc2 Kg8 38. Qc4 Kf7 
39. Nc6 Qc7 40. g4 fxg4 41. hxg4 Ne7 42. Qc3 Kf8 43. Kg2 a6 44. Qb4 axb5 
45. axb5 Kf7 46. Qc3 Nd5 47. Qd2 Nf6 48. f3 Nd5 49. f4 Kg8 50. f5 Qd6 51. Qd4 h5 
52. gxh5 exf5 53. e4 Nf4+ 54. Kf3 fxe4+ 55. Kxe4 Qxd4+ 56. Nxd4 Nxh5 
57. Kd5 Nf6+ 58. Kc6 Kf7 59. Kxb6 Nd7+ 60. Kc6 Ne5+ 61. Kd5 Nd7 62. Kc6 1/2-1/2

[Event "Saturday 07 April Rapid Engine Tour 12+1 Rounds 9 Starts 1600ST"]
[Site "Infinity Chess"]
[Date "2018.4.7"]
[Round "5"]
[White "Dovahkiin"]
[Black "angriff"]
[Result "1/2-1/2"]
[ECO "C50"]
[WhiteElo "2361"]
[BlackElo "2336"]
[WhiteEngine "corchess_x64_modern_CTG"]
[BlackEngine "DracoREX 3.07 64BIT POPCNT_CTG"]
[EventType "Swiss"]
[WhiteTeam ""]
[BlackTeam ""]
[PlyCount "108"]
[TimeControl "720+1"]

1. e4 e5 2. Nf3 Nc6 3. Bc4 Bc5 4. O-O Nf6 5. d3 d6 6. c3 O-O 7. Bg5 h6 8. Bh4 a6 
9. Nbd2 Ba7 10. a4 g5 11. Bg3 Kg7 12. Ba2 Nh7 13. d4 h5 14. h4 g4 15. Ne1 f5 
16. exf5 Bxf5 17. Nc2 exd4 18. Nxd4 Nxd4 19. cxd4 Nf6 20. Re1 Qd7 21. Nf1 Ne4 
22. Bd5 Rae8 23. Ra3 c6 24. Bxe4 Bxe4 25. Qd2 Kh7 26. Bf4 Bb6 27. Ng3 Bg6 
28. Rxe8 Rxe8 29. a5 Bc7 30. b4 Qf7 31. Re3 Rxe3 32. Qxe3 Kg7 33. Bh6+ Kh7 
34. Bf4 Kg7 35. f3 gxf3 36. gxf3 Kg8 37. Ne4 Qe6 38. Kf2 Qa2+ 39. Kg3 Bxe4 
40. fxe4 Qe6 41. Qf3 Qg6+ 42. Bg5 c5 43. e5 cxb4 44. Qxb7 Qd3+ 45. Kh2 Qe2+ 
46. Kg3 Qg4+ 47. Kh2 Qe2+ 48. Kg3 Qe1+ 49. Kh3 Qf1+ 50. Kg3 Qe1+ 51. Kh3 Qf1+ 
52. Kg3 Qg1+ 53. Kh3 Qg4+ 54. Kh2 Qe2+ 1/2-1/2

[Event "Saturday 07 April Rapid Engine Tour 12+1 Rounds 9 Starts 1600ST"]
[Site "Infinity Chess"]
[Date "2018.4.7"]
[Round "5"]
[White "beka"]
[Black "KhalidOmar"]
[Result "1/2-1/2"]
[ECO "A05"]
[WhiteElo "2382"]
[BlackElo "2409"]
[WhiteEngine "stockfish_18032408_32bit"]
[BlackEngine "Eman 1.70-beta18 64-bit BMI2"]
[EventType "Swiss"]
[WhiteTeam ""]
[BlackTeam ""]
[PlyCount "97"]
[TimeControl "720+1"]

1. Nf3 Nf6 2. d4 d5 3. c4 e6 4. Nc3 c6 5. e3 Nbd7 6. Bd3 dxc4 7. Bxc4 b5 
8. Bd3 Bb7 9. O-O a6 10. Ne4 c5 11. Nxc5 Nxc5 12. dxc5 Bxc5 13. a4 b4 14. b3 Ne4 
15. Bb2 Nc3 16. Qc2 Rc8 17. Bxc3 Bxf3 18. gxf3 Bd6 19. Bxa6 Qg5+ 20. Kh1 Qh5 
21. Bb5+ Ke7 22. f4 Qf3+ 23. Kg1 Qg4+ 24. Kh1 Qf3+ 25. Kg1 bxc3 26. Be2 Qh3 
27. Qe4 g5 28. Rfd1 c2 29. Rxd6 c1=Q+ 30. Rxc1 Rxc1+ 31. Rd1 Rxd1+ 32. Bxd1 Rc8 
33. Qb7+ Kd8 34. fxg5 Rc1 35. Qa8+ Kc7 36. Qa7+ Kc8 37. Qa6+ Kc7 38. Qa5+ Kb7 
39. Qb4+ Kc7 40. Qd4 Qf5 41. Qa7+ Kd8 42. Qb8+ Ke7 43. Qb4+ Ke8 44. Qb8+ Kd7 
45. Qa7+ Ke8 46. Qb8+ Kd7 47. Qa7+ Kc6 48. Qa6+ Kd7 49. Qa7+ 1/2-1/2

[Event "Saturday 07 April Rapid Engine Tour 12+1 Rounds 9 Starts 1600ST"]
[Site "Infinity Chess"]
[Date "2018.4.7"]
[Round "5"]
[White "Vimtiroba"]
[Black "RonWeasley"]
[Result "1/2-1/2"]
[ECO "C11"]
[WhiteElo "2378"]
[BlackElo "2440"]
[WhiteEngine "SF9 ''A6''_CTG"]
[BlackEngine "BrainFish EMT_CTG"]
[EventType "Swiss"]
[WhiteTeam ""]
[BlackTeam ""]
[PlyCount "208"]
[TimeControl "720+1"]

1. e4 e6 2. d4 d5 3. Nc3 Nf6 4. e5 Nfd7 5. f4 c5 6. Nf3 Nc6 7. Be3 cxd4 
8. Nxd4 Qb6 9. Qd2 Qxb2 10. Rb1 Qa3 11. Bb5 Nxd4 12. Bxd4 a6 13. Bxd7+ Bxd7 
14. Rb3 Qe7 15. Rxb7 Rc8 16. O-O Qd8 17. f5 exf5 18. Qd3 Bc5 19. Bxc5 Rxc5 
20. Nxd5 Bc8 21. Re7+ Kf8 22. Qa3 Qa5 23. Qxa5 Rxa5 24. Rc7 Be6 25. Nf4 Rxe5 
26. Nxe6+ Rxe6 27. Rxf5 Re7 28. Rc8+ Re8 29. Rc7 Re7 30. Rc8+ Re8 31. Rfc5 Ke7 
32. R8c6 g6 33. Rxa6 Rc8 34. Re5+ Kf8 35. Ra7 Kg7 36. Ree7 Rhf8 37. Re2 Rfd8 
38. h3 Ra8 39. Rxa8 Rxa8 40. c4 Kf6 41. c5 Ra4 42. Rc2 Ke7 43. c6 Kd8 
44. Rb2 Kc7 45. Rb7+ Kxc6 46. Rxf7 Kd5 47. a3 Rxa3 48. Rxh7 Ke6 49. Kf2 Kf6 
50. Rb7 g5 51. g3 Kg6 52. Rb6+ Kf5 53. Rb5+ Kg6 54. Rb6+ Kf5 55. Rb2 Kg6 
56. Re2 Kh5 57. Re3 Ra2+ 58. Kf3 Ra4 59. Re5 Ra3+ 60. Kg2 Ra2+ 61. Kf1 Ra1+ 
62. Re1 Ra3 63. Kg2 Ra2+ 64. Kf3 Ra3+ 65. Re3 Ra6 66. Re5 Kh6 67. Kg2 Kh5 
68. Kg1 Ra1+ 69. Kf2 Ra2+ 70. Kf1 Ra1+ 71. Kg2 Kh6 72. Re2 Ra3 73. Rc2 Kh5 
74. Rf2 Kg6 75. Rb2 Kh7 76. Kf2 Kg6 77. Kg2 Kf7 78. Rd2 Kf6 79. Rc2 Kg6 
80. Re2 Kf5 81. Rd2 Kg6 82. Rf2 Rd3 83. Re2 Kf6 84. Re1 Kf5 85. Re2 Kf6 
86. Ra2 Rc3 87. Ra6+ Kg7 88. Ra5 Kg6 89. Ra6+ Kf5 90. Ra2 Kg6 91. Ra6+ Kg7 
92. Ra2 Kg6 93. Rb2 Kh5 94. Rd2 Kg6 95. Kf2 Ra3 96. Re2 Kf6 97. Re8 Ra2+ 
98. Ke3 Ra3+ 99. Kf2 Kf5 100. g4+ Kf6 101. Re3 Rxe3 102. Kxe3 Ke5 103. Kf3 Kf6 
104. h4 gxh4 1/2-1/2

[Event "Saturday 07 April Rapid Engine Tour 12+1 Rounds 9 Starts 1600ST"]
[Site "Infinity Chess"]
[Date "2018.4.7"]
[Round "5"]
[White "Deep_Impact"]
[Black "ocirema"]
[Result "1/2-1/2"]
[ECO "D31"]
[WhiteElo "2462"]
[BlackElo "2438"]
[WhiteEngine "BrainFish_180404_x64_bmi2"]
[BlackEngine "asmFishW_2018-04-01_popcnt"]
[EventType "Swiss"]
[WhiteTeam ""]
[BlackTeam ""]
[PlyCount "116"]
[TimeControl "720+1"]

1. d4 d5 2. c4 e6 3. Nc3 c6 4. e4 dxe4 5. Nxe4 Bb4+ 6. Bd2 Qxd4 7. Bxb4 Qxe4+ 
8. Be2 Na6 9. Ba5 b6 10. Qd6 Bd7 11. Bc3 f6 12. Nf3 Nc5 13. Bb4 Ne7 14. Rd1 Rd8 
15. Bxc5 bxc5 16. Qxc5 Ng6 17. g3 e5 18. Qxa7 Bg4 19. Qe3 Rxd1+ 20. Bxd1 Qxc4 
21. Bb3 Qb4+ 22. Nd2 Qd4 23. Nc4 Kd8 24. O-O Qxe3 25. Nxe3 Bh3 26. Rc1 Kc7 
27. Bc4 Rd8 28. f3 Bc8 29. b3 Ne7 30. Kf1 Rd2 31. Rc2 Rxc2 32. Nxc2 c5 
33. Ne3 h6 34. g4 Nc6 35. Kf2 Nd4 36. Bd5 Bd7 37. Bc4 Kd6 38. Bd3 Kc7 39. h4 Kb6 
40. Nc4+ Kc7 41. Ke3 Be6 42. Nb2 Bd7 43. Nc4 Be6 44. Nd2 Kb6 45. Ke4 Bc8 
46. Bc4 Kc6 47. h5 Kb6 48. Bd3 Ka5 49. Kd5 Kb4 50. Be4 Ba6 51. Kd6 Kc3 
52. Nb1+ Kb2 53. Kxc5 Kxa2 54. b4 Kb2 55. Nd2 Kc3 56. Nb1+ Kb2 57. Nd2 Kc3 
58. Nb1+ Kb2 1/2-1/2

[Event "Saturday 07 April Rapid Engine Tour 12+1 Rounds 9 Starts 1600ST"]
[Site "Infinity Chess"]
[Date "2018.4.7"]
[Round "5"]
[White "Prometheus"]
[Black "Marsell"]
[Result "1/2-1/2"]
[ECO "D02"]
[WhiteElo "2445"]
[BlackElo "2464"]
[WhiteEngine "Eman 1.70-beta18 64-bit BMI2"]
[BlackEngine "asmFishW_2018-04-02_bmi2"]
[EventType "Swiss"]
[WhiteTeam ""]
[BlackTeam ""]
[PlyCount "270"]
[TimeControl "720+1"]

1. d4 d5 2. Nf3 Nf6 3. c4 c6 4. Nc3 e6 5. e3 Nbd7 6. Qc2 Bd6 7. Bd3 O-O 
8. O-O dxc4 9. Bxc4 b5 10. Bd3 Bb7 11. e4 e5 12. h3 Re8 13. Nxe5 Nxe5 
14. dxe5 Bxe5 15. Be3 a6 16. a4 Qe7 17. Ne2 Bd6 18. Rfd1 Rac8 19. Nd4 g6 
20. Nf3 Nd7 21. Bg5 f6 22. Be3 Rcd8 23. h4 Kh8 24. Be2 Rg8 25. Nh2 h5 
26. Nf3 Rg7 27. Qd2 Bb4 28. Qc2 Re8 29. Bh6 Rgg8 30. Bf4 Rg7 31. Bd3 Ne5 
32. Nxe5 fxe5 33. Bg5 Qe6 34. Be2 Kh7 35. Qc1 Qb3 36. Rd3 Qe6 37. Rd1 Qb3 
38. Kh2 Rf7 39. f3 Rc8 40. Bd3 Qe6 41. Qe3 Bf8 42. Be2 Rcc7 43. Qb6 Rcd7 
44. Rxd7 Rxd7 45. axb5 axb5 46. Ra7 Qf7 47. Bd1 Bd6 48. Bc2 Bc8 49. Ra1 Be7 
50. Qb8 Bxg5 51. hxg5 Qf4+ 52. Kg1 Ba6 53. Qe8 Rg7 54. Qd8 Qe3+ 55. Kh2 Qf4+ 
56. Kg1 Qe3+ 57. Kf1 h4 58. Qd3 Qxd3+ 59. Bxd3 Bc8 60. Kf2 Kg8 61. Ke3 Kf8 
62. f4 exf4+ 63. Kxf4 Rf7+ 64. Ke5 Rd7 65. Ra8 Re7+ 66. Kd4 Rd7+ 67. Ke5 Re7+ 
68. Kd4 Rd7+ 69. Ke3 Rc7 70. e5 Kf7 71. Rb8 Ke6 72. Ke4 Kf7 73. Ke3 Ke6 
74. Ke4 Kf7 75. Kf4 Be6 76. Be4 Bd5 77. Rh8 Kg7 78. Rxh4 Rd7 79. Bf3 Bxf3 
80. gxf3 Rd2 81. Rh1 Rxb2 82. Rc1 Rb4+ 83. Ke3 Rb3+ 84. Kf4 Rb4+ 85. Kg3 Rb3 
86. Kf2 Rb2+ 87. Kg3 Rb3 88. Rxc6 b4 89. Kf4 Rb1 90. Rb6 b3 91. Rb7+ Kf8 
92. Kg3 b2 93. Kg2 Re1 94. Rxb2 Rxe5 95. f4 Re3 96. Kf2 Rc3 97. Rb6 Kf7 
98. Rf6+ Kg7 99. Ra6 Rb3 100. Ra8 Rc3 101. Rb8 Kf7 102. Rb4 Rc1 103. Ke2 Rg1 
104. Ke3 Re1+ 105. Kf2 Rh1 106. Ra4 Rb1 107. Ra6 Rd1 108. Ra8 Ke7 109. Rb8 Kf7 
110. Rb4 Ra1 111. Rc4 Rb1 112. Ra4 Ke6 113. Ra5 Kf7 114. Ra6 Rh1 115. Ra3 Rc1 
116. Ra6 Rd1 117. Ra4 Ke6 118. Ra5 Kf7 119. Rc5 Ra1 120. Rc6 Rb1 121. Rd6 Rc1 
122. Kg2 Rb1 123. Rc6 Ra1 124. Rb6 Re1 125. Rb7+ Ke6 126. Rb5 Kf7 127. Rb3 Ra1 
128. Rb7+ Ke6 129. Rg7 Kf5 130. Rf7+ Kg4 131. Kf2 Ra8 132. Rh7 Kxf4 
133. Rh2 Ra2+ 134. Kg1 Ra1+ 135. Kg2 Kf5 1/2-1/2

[Event "Saturday 07 April Rapid Engine Tour 12+1 Rounds 9 Starts 1600ST"]
[Site "Infinity Chess"]
[Date "2018.4.7"]
[Round "5"]
[White "hafaba"]
[Black "Thinker"]
[Result "1/2-1/2"]
[ECO "C50"]
[WhiteElo "2464"]
[BlackElo "2451"]
[WhiteEngine "Eman 1.70-beta18 64-bit POPCNT_CTG"]
[BlackEngine "BrainFish_180404_x64_modern_CTG"]
[EventType "Swiss"]
[WhiteTeam ""]
[BlackTeam ""]
[PlyCount "91"]
[TimeControl "720+1"]

1. e4 e5 2. Nf3 Nc6 3. Bc4 Bc5 4. O-O Nf6 5. d3 d6 6. c3 O-O 7. Bg5 h6 8. Bh4 a6 
9. a4 g5 10. Bg3 Ba7 11. Nbd2 Nh7 12. h3 h5 13. Kh1 Kh8 14. b4 g4 15. Nh4 Qg5 
16. b5 Ne7 17. d4 exd4 18. cxd4 Qh6 19. e5 d5 20. Bd3 Bxd4 21. Rc1 c6 
22. Nb3 Ba7 23. bxa6 bxa6 24. Rg1 Rg8 25. e6 Bxe6 26. Be5+ f6 27. Bd4 gxh3 
28. g3 Bg4 29. Qc2 Bxd4 30. Nxd4 Nf8 31. Rge1 Nfg6 32. Rb1 c5 33. Qxc5 Qd2 
34. Qc2 Qxc2 35. Bxc2 Ra7 36. Nxg6+ Nxg6 37. f3 Bd7 38. Rb6 Kg7 39. Bf5 Re8 
40. Rxe8 Bxe8 41. Rb8 Bxa4 42. Ne6+ Kf7 43. Nd8+ Kg7 44. Ne6+ Kf7 45. Nd8+ Kg7 
46. Ne6+ 1/2-1/2

[Event "Saturday 07 April Rapid Engine Tour 12+1 Rounds 9 Starts 1600ST"]
[Site "Infinity Chess"]
[Date "2018.4.7"]
[Round "5"]
[White "Eman"]
[Black "KRAKEN"]
[Result "1/2-1/2"]
[ECO "D31"]
[WhiteElo "2483"]
[BlackElo "2474"]
[WhiteEngine "Eman 1.70-beta18 64-bit POPCNT"]
[BlackEngine "Raubfisch X38_CTG"]
[EventType "Swiss"]
[WhiteTeam ""]
[BlackTeam ""]
[PlyCount "148"]
[TimeControl "720+1"]

1. d4 d5 2. c4 e6 3. Nc3 c6 4. e4 dxe4 5. Nxe4 Bb4+ 6. Nc3 c5 7. a3 Ba5 
8. Nf3 Nf6 9. Be2 Nc6 10. dxc5 Qxd1+ 11. Bxd1 Ne4 12. Bd2 Bxc3 13. Bxc3 Nxc3 
14. Bc2 Na5 15. Kd2 Ne4+ 16. Bxe4 Nb3+ 17. Kc3 Nxa1 18. c6 Rb8 19. Rxa1 bxc6 
20. Bxc6+ Ke7 21. b4 Bb7 22. Bxb7 Rxb7 23. Nd4 Rc8 24. Re1 Rd7 25. f4 Kd8 
26. Nf3 Ke7 27. Nd4 Kd6 28. Nf3 Ke7 29. g3 Rd5 30. Nd4 a6 31. a4 Kd7 32. Re4 g6 
33. Re1 Rd6 34. Nb3 Rd5 35. Rf1 Rc7 36. Nc1 Rh5 37. h4 Rd5 38. Nd3 Kc8 
39. g4 Rd8 40. a5 Rcd7 41. Rf3 h5 42. gxh5 gxh5 43. Ne5 Rd1 44. Nxf7 Rc1+ 
45. Kb2 Rdd1 46. Ne5 Kc7 47. Rg3 Kc8 48. Rg8+ Kb7 49. Nd3 Rxc4 50. Kb3 Rc6 
51. Nc5+ Kc7 52. Rg7+ Kc8 53. Rg5 Kd8 54. Rxh5 Rb1+ 55. Ka4 Ra1+ 56. Kb3 Rb1+ 
57. Kc3 Rf1 58. Rh8+ Ke7 59. Rh7+ Kf8 60. Rb7 Rf3+ 61. Kb2 Rxf4 62. Kb3 Ke8 
63. h5 e5 64. Rb6 Rf3+ 65. Kc4 Rff6 66. b5 Rxb6 67. axb6 Rxb6 68. bxa6 Rb8 
69. h6 Kf7 70. Nd3 Rc8+ 71. Kb4 e4 72. Nf4 e3 73. Kb5 e2 74. Nxe2 Kg6 1/2-1/2

[Event "Saturday 07 April Rapid Engine Tour 12+1 Rounds 9 Starts 1600ST"]
[Site "Infinity Chess"]
[Date "2018.4.7"]
[Round "5"]
[White "Harry_Potter"]
[Black "SkyPilot"]
[Result "1/2-1/2"]
[ECO "C55"]
[WhiteElo "2502"]
[BlackElo "2474"]
[WhiteEngine "Stockfish_x64_bmi2_CTG"]
[BlackEngine "stockfish_x64_bmi2_2018_03_30_CTG"]
[EventType "Swiss"]
[WhiteTeam ""]
[BlackTeam ""]
[PlyCount "211"]
[TimeControl "720+1"]

1. e4 e5 2. Nf3 Nc6 3. Bc4 Nf6 4. d3 Bc5 5. c3 d6 6. O-O O-O 7. h3 a5 8. Bg5 h6 
9. Bh4 g5 10. Bg3 Nh5 11. d4 Nxg3 12. fxg3 Bb6 13. Kh2 Kg7 14. dxe5 dxe5 
15. Nbd2 f6 16. a4 Qe8 17. Bd5 Ne7 18. Bb3 Bc5 19. Ne1 b6 20. Nd3 Bd6 
21. Nc4 Bb7 22. Nxd6 cxd6 23. Nf2 Rd8 24. Qe2 Qc6 25. Qh5 Qe8 26. Qe2 Qc6 
27. Rg1 d5 28. exd5 Nxd5 29. Rad1 Ne7 30. Rxd8 Rxd8 31. Bc2 Bc8 32. Re1 Be6 
33. Ng4 Qc4 34. Qf3 Bxg4 35. hxg4 Rd2 36. Rf1 Rd6 37. Qb7 Kf7 38. Qf3 Kg7 
39. Qb7 Kf7 40. Rf2 Qc6 41. Qb8 Kg7 42. b4 Rd7 43. Bb3 Qc7 44. Qe8 Nd5 
45. Bc2 Ne7 46. bxa5 bxa5 47. Qa8 Nc6 48. Be4 Ne7 49. Qa6 Rd6 50. Qb5 Rd1 
51. Qe2 Rd6 52. Qe3 Qb6 53. Qf3 Qc5 54. Rf1 Re6 55. Qd3 Rd6 56. Qf3 Re6 
57. Rb1 Rb6 58. Rxb6 Qxb6 59. Qd1 Kf7 60. Qd7 Qc5 61. Qb7 Qc4 62. Bc2 Qxc3 
63. Bb3+ Ke8 64. Be6 Qd3 65. Qc7 Qd2 66. Bc4 Qb4 67. Be6 Qd2 68. Qb6 Qd8 
69. Qb7 Qd3 70. Qb8+ Qd8 71. Bf7+ Kd7 72. Be6+ Ke8 73. Qb5+ Kf8 74. Qb7 Ke8 
75. Ba2 Qd3 76. Be6 Qd8 77. Ba2 Qd3 78. Qa8+ Qd8 79. Qa6 Qd7 80. Qxf6 Qxg4 
81. Bf7+ Kd7 82. Qxe5 Qb4 83. Qe6+ Kc7 84. Be8 Qd6 85. Qc4+ Kd8 86. Bh5 Qe5 
87. Qd3+ Kc7 88. Qh7 Qd6 89. Bf3 Qe5 90. Bh5 Kd6 91. Qxh6+ Kc7 92. Bg4 Nc6 
93. Bf3 Nd4 94. Bh5 Nc6 95. Kh3 Qf5+ 96. Bg4 Qc2 97. Qg7+ Kb6 98. Qxg5 Qxa4 
99. Qf6 Qd4 100. Qxd4+ Nxd4 101. Bd7 Kc7 102. Be8 a4 103. Bxa4 Kd6 104. Bd1 Nf5 
105. Bg4 Ne3 106. Bf3 1/2-1/2

[Event "Saturday 07 April Rapid Engine Tour 12+1 Rounds 9 Starts 1600ST"]
[Site "Infinity Chess"]
[Date "2018.4.7"]
[Round "5"]
[White "THE_MACHINE"]
[Black "Susanne"]
[Result "1/2-1/2"]
[ECO "B30"]
[WhiteElo "2508"]
[BlackElo "2515"]
[WhiteEngine "BrainFish_180404_x64_bmi2"]
[BlackEngine "stockfish_jvv03_x64_bmi2_CTG"]
[EventType "Swiss"]
[WhiteTeam ""]
[BlackTeam ""]
[PlyCount "101"]
[TimeControl "720+1"]

1. e4 c5 2. Nf3 Nc6 3. Nc3 g6 4. d4 cxd4 5. Nxd4 Bg7 6. Be3 Nf6 7. Bc4 O-O 
8. Bb3 d6 9. f3 Qa5 10. Qd2 Nxd4 11. Bxd4 Be6 12. O-O-O b5 13. Kb1 b4 
14. Nd5 Bxd5 15. exd5 Qb5 16. Qd3 Qxd3 17. Rxd3 Nd7 18. Bxg7 Kxg7 19. Re3 Kf6 
20. Rhe1 g5 21. f4 gxf4 22. Rf1 Kg5 23. h4+ Kg4 24. Re4 Kxh4 25. Rexf4+ Kg3 
26. Rxb4 Ne5 27. Rf5 Rh8 28. c4 Rac8 29. Bc2 Rxc4 30. Rxc4 Nxc4 31. Rxf7 h5 
32. b3 Ne5 33. Rg7+ Kf2 34. Bf5 a5 35. Kc2 Ke3 36. Kc3 Rf8 37. Bh3 Rf2 
38. Rxe7 Rd2 39. Be6 Rxa2 40. Rh7 Rxg2 41. Rxh5 Rg7 42. Rh3+ Ke4 43. Rh4+ Ke3 
44. Rh3+ Ke2 45. Rh4 Rg3+ 46. Kb2 Nd3+ 47. Ka3 Nc5 48. Rh3 Rxh3 49. Bxh3 Kd3 
50. b4 axb4+ 51. Kxb4 1/2-1/2

[Event "Saturday 07 April Rapid Engine Tour 12+1 Rounds 9 Starts 1600ST"]
[Site "Infinity Chess"]
[Date "2018.4.7"]
[Round "5"]
[White "xeonrocks"]
[Black "Murx"]
[Result "1/2-1/2"]
[ECO "C58"]
[WhiteElo "2555"]
[BlackElo "2505"]
[WhiteEngine "Stockfish_x64_bmi2_CTG"]
[BlackEngine "asmFishW_2018-04-01_bmi2"]
[EventType "Swiss"]
[WhiteTeam ""]
[BlackTeam ""]
[PlyCount "119"]
[TimeControl "720+1"]

1. e4 e5 2. Nf3 Nc6 3. Bc4 Nf6 4. Ng5 d5 5. exd5 Na5 6. Bb5+ c6 7. dxc6 bxc6 
8. Be2 h6 9. Nh3 Qc7 10. O-O Bc5 11. Kh1 O-O 12. d3 Nb7 13. Nc3 Bd4 14. Ng1 Nd6 
15. Nf3 Re8 16. Nxd4 exd4 17. Na4 Nf5 18. Bd2 Nh4 19. Bf3 Rb8 20. b4 Nxf3 
21. Qxf3 Bg4 22. Qg3 Qxg3 23. fxg3 Re2 24. Rad1 Be6 25. Rfe1 Rxe1+ 26. Rxe1 Bxa2 
27. Kg1 Nd7 28. h3 Bd5 29. g4 f6 30. Re7 Rb7 31. Re2 Kf7 32. Kf2 g5 33. Kg3 Kg6 
34. Re8 Kf7 35. Rd8 Ke7 36. Rh8 c5 37. Nxc5 Nxc5 38. bxc5 Rb2 39. Rh7+ Ke6 
40. Rxh6 Ke7 41. Rh7+ Ke6 42. Rxa7 Rxc2 43. Ra6+ Ke7 44. Rd6 Rxc5 45. Ra6 Rc2 
46. Bb4+ Kf7 47. h4 Rxg2+ 48. Kh3 Rb2 49. Ra7+ Kg8 50. Be7 Re2 51. h5 Re3+ 
52. Kh2 Rxd3 53. Bxf6 Rd2+ 54. Kh3 Rd3+ 55. Kh2 Rd2+ 56. Kg1 Rg2+ 57. Kf1 Rxg4 
58. Rg7+ Kf8 59. Rxg5 Rxg5 60. Bxg5 1/2-1/2

[Event "Saturday 07 April Rapid Engine Tour 12+1 Rounds 9 Starts 1600ST"]
[Site "Infinity Chess"]
[Date "2018.4.7"]
[Round "5"]
[White "star99"]
[Black "KQRBNP"]
[Result "1-0"]
[ECO "C65"]
[WhiteElo "2478"]
[BlackElo "2439"]
[WhiteEngine "Cryptic Heroes 9.3B"]
[BlackEngine "Eman 1.70-beta18 64-bit POPCNT"]
[EventType "Swiss"]
[WhiteTeam ""]
[BlackTeam ""]
[PlyCount "187"]
[TimeControl "720+1"]

1. e4 e5 2. Nf3 Nc6 3. Bb5 Nf6 4. d3 Bc5 5. Ba4 O-O 6. O-O d6 7. Be3 Bxe3 
8. fxe3 Nb8 9. c4 c6 10. Nc3 Re8 11. Bb3 Nbd7 12. Qe2 Nf8 13. h3 Ng6 14. d4 Qe7 
15. d5 Nh5 16. Kh2 Nf6 17. Nd2 Bd7 18. Kg1 Rf8 19. Rf2 a6 20. dxc6 bxc6 
21. Nf1 Be6 22. Ng3 a5 23. Nf5 Qb7 24. Rd1 Ne8 25. Na4 Rd8 26. Qf1 Rd7 27. c5 d5 
28. exd5 cxd5 29. Nb6 Rd8 30. Qe1 Nf6 31. Bc2 Qa7 32. Qc3 Rb8 33. Rdf1 Bxf5 
34. Bxf5 Rfe8 35. Rd1 Ne7 36. Bc2 Qc7 37. Qxa5 Nc8 38. Nc4 Rb7 39. Qxc7 Rxc7 
40. Nd6 Nxd6 41. cxd6 Ra7 42. b4 Rb8 43. Bb3 Rxb4 44. Bxd5 Nxd5 45. Rxd5 Rd7 
46. Rxe5 Kf8 47. Rd2 Ra4 48. Rb5 f6 49. Kf2 Ra6 50. Kf3 Ke8 51. g4 Kf7 
52. Rbd5 g6 53. R5d4 Ra3 54. Ke4 Ke6 55. Kf4 Kf7 56. Rc2 g5+ 57. Ke4 Ke6 
58. Rcd2 h6 59. Kf3 Kf7 60. Rb4 Ra6 61. a4 Kg6 62. Ke4 h5 63. Rbd4 hxg4 
64. hxg4 Ra5 65. Ra2 Kf7 66. Rd5 Ra6 67. a5 Ke6 68. Rb2 Rc6 69. Rb6 Rc4+ 
70. Rd4 Rc5 71. Ra4 Rc3 72. a6 Rc8 73. Kd4 Rcc7 74. Rc4 Ra7 75. Kc5 f5 
76. gxf5+ Kf7 77. Kd5 Kf6 78. e4 g4 79. e5+ Kxf5 80. e6 Rd8 81. Ra4 Rh7 
82. Rbb4 Rh5 83. d7 g3 84. Kd6 g2 85. Rb5+ Kf6 86. Rf4+ Kg6 87. Rg4+ Kf6 
88. Rxh5 Ra8 89. a7 g1=Q 90. Rxg1 Rb8 91. Rf1+ Kg6 92. axb8=Q Kxh5 93. Qg8 Kh6 
94. Rh1# 1-0

[Event "Saturday 07 April Rapid Engine Tour 12+1 Rounds 9 Starts 1600ST"]
[Site "Infinity Chess"]
[Date "2018.4.7"]
[Round "5"]
[White "fati64"]
[Black "MarioDeMonti"]
[Result "1/2-1/2"]
[ECO "C53"]
[WhiteElo "2455"]
[BlackElo "2513"]
[WhiteEngine "BrainFish_180404_x64"]
[BlackEngine "stockfish_x64_bmi2_2018_02_18_CTG"]
[EventType "Swiss"]
[WhiteTeam ""]
[BlackTeam ""]
[PlyCount "107"]
[TimeControl "720+1"]

1. e4 e5 2. Nf3 Nc6 3. Bc4 Bc5 4. c3 Nf6 5. d3 d6 6. O-O O-O 7. Bg5 h6 8. Bh4 a5 
9. Nbd2 Ba7 10. Re1 g5 11. Bg3 Nh7 12. h3 g4 13. hxg4 Bxg4 14. Kh1 Qf6 
15. Nf1 Ng5 16. N1h2 Bh5 17. Bh4 Kg7 18. Qd2 Qf4 19. Qxf4 exf4 20. d4 f6 
21. Ng1 Ne7 22. f3 Be8 23. Bd3 Ng6 24. Bf2 b5 25. Nf1 a4 26. Ne2 Bd7 27. Bg1 c6 
28. b3 Bb6 29. Rad1 f5 30. e5 Bc7 31. Nd2 axb3 32. exd6 Bxd6 33. axb3 h5 
34. d5 c5 35. Nc1 Nf7 36. c4 b4 37. Bf2 Nfe5 38. Bb1 Rh8 39. Kh2 h4 40. Rh1 h3 
41. Kg1 hxg2 42. Kxg2 Kf6 43. Rxh8 Rxh8 44. Rh1 Rxh1 45. Kxh1 Ke7 46. Kg2 Kf7 
47. Ne2 Ke7 48. Nf1 Bc8 49. Bc2 Bd7 50. Nd2 Nf7 51. Nb1 Nfe5 52. Nd2 Kf6 
53. Nb1 Ke7 54. Nd2 1/2-1/2

[Event "Saturday 07 April Rapid Engine Tour 12+1 Rounds 9 Starts 1600ST"]
[Site "Infinity Chess"]
[Date "2018.4.7"]
[Round "4"]
[White "KhalidOmar"]
[Black "Dovahkiin"]
[Result "1/2-1/2"]
[ECO "C50"]
[WhiteElo "2411"]
[BlackElo "2359"]
[WhiteEngine "Eman 1.70-beta18 64-bit BMI2"]
[BlackEngine "corchess_x64_modern_CTG"]
[EventType "Swiss"]
[WhiteTeam ""]
[BlackTeam ""]
[PlyCount "65"]
[TimeControl "720+1"]

1. e4 e5 2. Nf3 Nc6 3. Bc4 Bc5 4. O-O Nf6 5. d3 d6 6. c3 O-O 7. Re1 a5 8. h3 h6 
9. Nbd2 Be6 10. a4 Bxc4 11. Nxc4 Re8 12. Be3 Bxe3 13. Nxe3 b6 14. Qb3 Qc8 
15. Nd2 Qd7 16. Qb5 Rad8 17. Nf3 d5 18. exd5 Nxd5 19. Nxd5 Qxd5 20. d4 f6 
21. Re3 Qxb5 22. axb5 Na7 23. c4 e4 24. Rae1 Nc8 25. Rxe4 Rxe4 26. Rxe4 Nd6 
27. Re7 Nxc4 28. Rxc7 Nxb2 29. Rc6 Na4 30. Rc4 Nb2 31. Rc6 Na4 32. Rc4 Nb2 
33. Rc6 1/2-1/2

[Event "Saturday 07 April Rapid Engine Tour 12+1 Rounds 9 Starts 1600ST"]
[Site "Infinity Chess"]
[Date "2018.4.7"]
[Round "4"]
[White "RonWeasley"]
[Black "beka"]
[Result "1/2-1/2"]
[ECO "E32"]
[WhiteElo "2442"]
[BlackElo "2380"]
[WhiteEngine "BrainFish EMT_CTG"]
[BlackEngine "stockfish_18032408_32bit"]
[EventType "Swiss"]
[WhiteTeam ""]
[BlackTeam ""]
[PlyCount "70"]
[TimeControl "720+1"]

1. d4 Nf6 2. c4 e6 3. Nc3 Bb4 4. Qc2 O-O 5. e4 d5 6. e5 Ne4 7. Bd3 c5 
8. Nf3 cxd4 9. Nxd4 Nd7 10. Bf4 Qh4 11. g3 Qh5 12. O-O g5 13. cxd5 Bxc3 
14. bxc3 exd5 15. Bxe4 dxe4 16. e6 gxf4 17. exd7 Bxd7 18. Qxe4 fxg3 19. fxg3 Bh3 
20. Rf3 Rfe8 21. Qxb7 Rab8 22. Qc6 Qg5 23. Rf2 Rbc8 24. Qf3 Re7 25. Nc6 Rec7 
26. Re1 Bg4 27. Qf4 Qxf4 28. Rxf4 Be6 29. Nd4 Bxa2 30. Ra1 Bc4 31. Nf5 Be6 
32. Nd4 Bd7 33. Nf5 Be6 34. Nd4 Bd7 35. Nf5 Be6 1/2-1/2